 Dungeon Crawl Stone Soup version 0.22.1-1-ga44c0e5 (webtiles) character file.

247 Lauz the Slasher (level 5, -9/40 HPs)
             Began as a Demonspawn Gladiator on Oct 15, 2018.
             Killed by divine providence
             ... invoked by an orc priest
              (14 damage)
             ... on level 3 of the Dungeon.
             The game lasted 00:09:40 (3253 turns).

Lauz the Slasher (Demonspawn Gladiator)             Turns: 3253, Time: 00:09:41

Health: -9/40      AC:  9    Str: 15    XL:     5   Next: 85%
Magic:  14/14      EV: 28    Int:  9    God:
Gold:   228        SH:  0    Dex: 20    Spells: 4/4 levels left

rFire    . . .     SeeInvis .   a - +0 long sword
rCold    . . .     Gourm    .   (no shield)
rNeg     . . .     Faith    .   b - +0 leather armour
rPois    .         Spirit   .   c - +0 helmet
rElec    .         Reflect  .   h - +1 cloak {+Inv}
rCorr    .         Harm     .   g - +0 pair of gloves
MR       .....                  (no boots)
Stlth    ++........             k - amulet of the acrobat
HPRegen  0.13/turn              l - +5 ring of dexterity
MPRegen  0.14/turn              q - ring of magical power

@: hasted, very quick
A: talons 1, yellow scales 1, powered by pain 1
a: Evoke Invisibility


You were on level 3 of the Dungeon.
You were very hungry.

You visited 1 branch of the dungeon, and saw 3 of its levels.

You collected 228 gold pieces.

Inventory:

Hand Weapons
 a - a +0 long sword (weapon)
Missiles
 d - 2 throwing nets (quivered)
Armour
 b - a +0 leather armour (worn)
 c - a +0 helmet (worn)
 g - a +0 pair of gloves (worn)
 h - a +1 cloak of invisibility (worn)
Jewellery
 k - an amulet of the acrobat (around neck)
 l - a +5 ring of dexterity (left hand)
 q - a ring of magical power (right hand)
Scrolls
 i - a scroll of identify
 p - a scroll of remove curse {unknown}
Potions
 e - a potion of curing {unknown}
 j - 2 potions of haste
 n - 3 potions of agility {unknown}
 r - a potion of ambrosia {unknown}
 s - a potion of heal wounds {unknown}
Comestibles
 f - 3 rations


   Skills:
 + Level 2.8 Fighting
 * Level 4.9 Long Blades
 - Level 1.7 Throwing
 + Level 1.6 Armour
 + Level 3.2 Dodging
 + Level 0.9 Stealth


You had 4 spell levels left.
You didn't know any spells.
Your spell library was empty.

Dungeon Overview and Level Annotations

Branches:
Dungeon (3/15)

Altars:
Nemelex Xobeh


Innate Abilities, Weirdness & Mutations

You have sharp toenails.
You are partially covered in yellow scales. (AC +2)
You sometimes gain a little power by taking damage.


Message History

The orc priest invokes the aid of Beogh against you.
Beogh smites you! The orc closely misses you.
You barely miss the orc.
The orc is almost dead.
The orc closely misses you.
You barely miss the orc. Your kick misses the orc.
The orc is almost dead.
The orc hits you but does no damage.
The orc priest calls down the wrath of Beogh upon you.
Beogh smites you!
* * * LOW HITPOINT WARNING * * *
You hit the orc.
You kill the orc!
The orc priest invokes the aid of Beogh against you.
Pain shoots through your body!
* * * LOW HITPOINT WARNING * * *
You feel yourself speed up.
The orc priest calls down the wrath of Beogh upon you.
Beogh smites you!
You die...

##### ...# ..# ###
######## #.###.## #......#
#.#####.##...######.####.#
........o..)........# #.#
..####.##...######## #.#
#)###@## ##.## ..# #.#
#...# ...# #.# ##.##
#######+# #.# ##...## #.#
##.....## ####.#
##.......## ##.##.#
#$........####...#.###
+.........'..........#


You could see an orc priest.

Vanquished Creatures
  A centaur (D:2)
  2 orc wizards (D:2)
  Crazy Yiuf (D:3)
  2 adders
  An ooze (D:3)
  A worm (D:3)
  2 leopard geckos
  4 orcs (D:3)
  A ball python (D:3)
  3 giant cockroaches
  2 goblins
  6 hobgoblins
  4 jackals (D:1)
  2 quokkas
  6 bats
  3 frilled lizards
  10 kobolds
  13 rats
64 creatures vanquished.

Vanquished Creatures (others)
  An orc (D:3)
1 creature vanquished.

Grand Total: 65 creatures vanquished

Notes
Turn   | Place    | Note
-------+----------+-------------------------------------------
     0 | D:1      | Lauz the Demonspawn Gladiator began the quest for the Orb.
     0 | D:1      | Reached XP level 1. HP: 16/16 MP: 1/1
   101 | D:1      | Reached skill level 3 in Long Blades
   116 | D:1      | Gained mutation: You are partially covered in yellow
                  | scales. (AC +2) [demonic ancestry]
   116 | D:1      | Reached XP level 2. HP: 22/22 MP: 2/2
   332 | D:1      | Found a sparkling altar of Nemelex Xobeh.
   952 | D:2      | Gained mutation: You sometimes gain a little power by
                  | taking damage. [demonic ancestry]
   952 | D:2      | Reached XP level 3. HP: 26/27 MP: 3/3
  1563 | D:2      | Noticed a centaur
  1935 | D:2      | Killed a centaur
  1935 | D:2      | Reached skill level 4 in Long Blades
  1935 | D:2      | Reached skill level 1 in Armour
  1935 | D:2      | Reached XP level 4. HP: 5/34 MP: 4/4
  2251 | D:2      | Gained mutation: You have sharp toenails. [demonic
                  | ancestry]
  2251 | D:2      | Reached XP level 5. HP: 25/39 MP: 5/5
  2748 | D:3      | Found a runed door.
  2787 | D:3      | Noticed Crazy Yiuf
  2793 | D:3      | Killed Crazy Yiuf
  3253 | D:3      | Killed from afar by an orc priest

Skill      XL: |  1  2  3 |
---------------+----------+-----
Long Blades    | 3 4 |  4.9
Dodging        | 3 |  3.2
Armour         | 1 |  1.6
Fighting       | |  2.8
Throwing       | |  1.7
Stealth        | |  0.9

Action                   |  1- 3 |  4- 6 || total
-------------------------+-------+-------++-------
Melee: Long sword        |   109 |    58 ||   167
       Kick              |       |    22 ||    22
Throw: Throwing net      |     1 |       ||     1
 Abil: Evoke Invisibilit |       |     1 ||     1
  Use: Scroll            |     2 |     4 ||     6
       Potion            |       |     1 ||     1
 Stab: Sleeping          |       |     3 ||     3
  Eat: Chunk             |     2 |     5 ||     7
Armor: Leather armour    |    41 |    10 ||    51
Dodge: Dodged            |    83 |    50 ||   133
       Rpst.: Long sword |    28 |    17 ||    45
